 Dungeon Crawl Stone Soup version 0.28.0 (webtiles) character file.

Game seed: 4399642272812977391

99 Goya the Skirmisher (level 4, -3/49 HPs)
             Began as an Ogre Fighter on Feb 11, 2022.
             Slain by an orc (4 damage)
             ... on level 3 of the Dungeon.
             The game lasted 00:09:09 (1927 turns).

Goya the Skirmisher (Ogre Fighter)                  Turns: 1927, Time: 00:09:09

Health: -3/49      AC:  3    Str: 22    XL:     4   Next: 72%
Magic:  13/13      EV:  8    Int:  9    God:
Gold:   31         SH:  7    Dex:  8    Spells: 3/3 levels left

rFire   . . .      SeeInvis .   a - +1 war axe
rCold   . . .      Faith    .   c - +0 kite shield
rNeg    . . .      Spirit   .   b - +0 robe
rPois   .          Reflect  .   (helmet restricted)
rElec   .          Harm     .   (no cloak)
rCorr   .          Rampage  .   (gloves unavailable)
Will    .....                   (boots unavailable)
Stlth   +.........              (no amulet)
HPRegen 0.16/turn               g - ring of magical power
MPRegen 0.13/turn               (no ring)

@: mighty
A: large, unfitting armour, tough skin 1
a: no special abilities


You were on level 3 of the Dungeon.
You visited 1 branch of the dungeon, and saw 3 of its levels.

You collected 31 gold pieces.

Inventory:

Hand Weapons
 a - a +1 war axe (weapon)
 l - the +3 hunting sling of the Sea {freeze, rF++ Will++ Dex-3}
   (You found it on level 2 of the Dungeon)

   Any ammunition fired from it freezes those it strikes, dealing additional
   cold damage.
   It can also slow down cold-blooded creatures.
   Dex:       It affects your dexterity (-3).
   rF:        It greatly protects you from fire.
   Will:      It greatly increases your willpower.
Missiles
 k - 4 poisoned darts (quivered)
Armour
 b - a +0 robe (worn)
 c - a +0 kite shield (worn)
Jewellery
 g - a ring of magical power (left hand)
Wands
 j - a wand of digging (3)


   Skills:
 + Level 4.5 Fighting
 + Level 3.1 Axes
 + Level 3.2 Dodging
 + Level 0.1 Stealth
 + Level 3.2 Shields
 * Level 0.4 Evocations


You had 3 spell levels left.
You didn't know any spells.
Your spell library was empty.

Dungeon Overview and Level Annotations

Branches:
Dungeon (3/15)

Altars:

Shops:
D:1 (


Innate Abilities, Weirdness & Mutations

You are too large for most types of armour.
You have tough skin. (AC +1)


Message History

* * * LOW HITPOINT WARNING * * *
Aiming: Dig
Press: ? - help, Shift-Dir - straight line A rock wall.
The rock shatters into small pieces.
An orc priest comes into view. It is wielding a +0 club.
The orc hits you from afar with a +0 trident.
* * * LOW HITPOINT WARNING * * *
You block the orc's attack. Something hits you.
* * * LOW HITPOINT WARNING * * *
The orc closely misses you.
An orc wizard comes into view. It is wielding a +0 dagger.
You aren't carrying any scrolls.
It was a potion of heal wounds.
You feel much better.
The orc hits you from afar with a +0 trident.
You hear some strange, mumbled words.
A magic dart appears from out of thin air!
The magic dart hits you! The orc priest hits you with a +0 club.
You barely miss the orc priest. You barely miss something. Something hits you.
You block the orc priest's attack.
The orc hits you from afar with a +0 trident.
You slice the orc priest!!
You kill the orc priest!
You barely miss something.
You hear some strange, mumbled words.
A puff of flame appears from out of thin air!
The puff of flame hits you!
* * * LOW HITPOINT WARNING * * *
You block the orc's attack. Something hits you but does no damage.
Your Axes skill increases to level 3!
You barely miss something.
The orc hits you from afar with a +0 trident.
* * * LOW HITPOINT WARNING * * *
Something hits you.
* * * LOW HITPOINT WARNING * * *
You block the orc's attack.
You slash something! You block something's attack.
The orc hits you from afar with a +0 trident.
You die...

......#
#.....#.....#
.#.....#....o#
.......+.....#
#.....#.....#
#.....#.....#
#.....#.)#
#.....##o##
#....)@{oo#
#.....###)#
#..... .#
#..... ..
#..... #..
###### ...
...# .>.#


You could see 3 orcs.

Vanquished Creatures
  An orc priest (D:3)
  4 dart slugs (D:2)
  5 orcs (D:3)
  9 bats
  6 endoplasms
  4 goblins
  6 hobgoblins
  2 quokkas (D:1)
  8 ball pythons
  2 frilled lizards (D:1)
  6 kobolds
  2 rats
55 creatures vanquished.

Notes
Turn   | Place    | Note
-------+----------+-------------------------------------------
     0 | D:1      | Goya the Ogre Fighter began the quest for the Orb.
     0 | D:1      | Reached XP level 1. HP: 24/24 MP: 1/1
   246 | D:1      | Reached XP level 2. HP: 17/32 MP: 2/2
   748 | D:1      | Reached XP level 3. HP: 33/39 MP: 3/3
   786 | D:1      | Found Kodaseza's Antique Weapon Emporium.
  1361 | D:2      | Found a faded altar of an unknown god.
  1430 | D:2      | Identified the +3 hunting sling of the Sea {freeze, rF++
                  | Will++ Dex-3}
  1519 | D:2      | Reached XP level 4. HP: 48/49 MP: 4/4
  1926 | D:3      | HP: 1/49 [something (2)]
  1927 | D:3      | Slain by an orc

Illustrated notes

Levels and vault maps discovered:
D:1:      minmay_arrival_loop, layout_rooms, serial_shops, nicolae_shop_stone
D:2:      layout_loops_corners, hellmonk_ecumenical_altar_arch_garden
D:3:      layout_basic, patterned_corridor

Skill      XL: |  1  2  3  4 |
---------------+-------------+-----
Dodging        | 3 |  3.2
Shields        | 3 |  3.2
Axes           | 3 |  3.1
Fighting       | |  4.5
Stealth        | |  0.1
Evocations     | |  0.4

Action                   |  1- 3 |  4- 6 || total
-------------------------+-------+-------++-------
Melee: War axe           |   113 |    17 ||   130
Throw: Dart              |     4 |       ||     4
Evoke: Wand              |       |     1 ||     1
  Use: Scroll            |     2 |     2 ||     4
       Potion            |       |     4 ||     4
Armor: Robe              |    45 |     9 ||    54
Dodge: Dodged            |    49 |    11 ||    60
Block: Kite shield       |    65 |    14 ||    79
